 Dungeon Crawl Stone Soup version 0.15-a0-77-g44c3f01 (webtiles) character file.

70 4tharraofdagon the Firebug (level 3, -1/19 HPs)
             Began as a Tengu Fire Elementalist on Apr 7, 2014.
             Slain by a gnoll
             ... wielding a +1,+0 halberd
              (15 damage)
             ... on Level 3 of the Dungeon.
             The game lasted 00:02:24 (442 turns).

4tharraofdagon the Firebug (Tengu Fire Elementalist) Turns: 442, Time: 00:02:25

HP  -1/19        AC  2     Str  8      XL: 3   Next: 22%
MP   6/7         EV 12     Int 16      God:
Gold 39          SH  0     Dex 14      Spells:  2 memorised,  2 levels left

rFire  . . .     SeeInvis .     n - staff of air
rCold  . . .     Clarity  .     a - +0 robe
rNeg   . . .     Conserve .     (no shield)
rPois  .         rCorr    .     (helmet restricted)
rElec  +         rRot     .     (no cloak)
SustAb + .       Spirit   .     (no gloves)
rMut   .         Warding  .     (boots unavailable)
Saprov . . .     Stasis   .     (no amulet)
MR     .....                    (no ring)
                                k - ring of sustain abilities {unknown}

@: very slightly contaminated, not resistant to hostile enchantments, fairly
stealthy
A: beak, talons 3
a: no special abilities


You were on level 3 of the Dungeon.
You were not hungry.

You visited 1 branch of the dungeon, and saw 3 of its levels.

You collected 39 gold pieces.

Inventory:

Hand weapons
 g - a +0,+0 short sword
 i - a +0,+0 short sword
Missiles
 d - 22 darts (quivered)
Armour
 a - a +0 robe (worn)
Comestibles
 c - 2 bread rations
Scrolls
 e - a scroll of fog {unknown}
 f - 2 scrolls of identify {unknown}
 j - 2 scrolls of enchant weapon II {unknown}
 l - a scroll of blinking {unknown}
 o - a scroll of teleportation {unknown}
 p - a scroll of immolation {unknown}
Jewellery
 h - an uncursed amulet of clarity {unknown}
 k - a ring of sustain abilities (left hand) {unknown}
Potions
 m - a potion of restore abilities {unknown}
Books
 b - a book of Flames

   Spells                             Type                      Level
   *Flame Tongue                      Conjuration/Fire             1
   Throw Flame                        Conjuration/Fire             2
   *Conjure Flame                     Conjuration/Fire             3
   Inner Flame                        Hexes/Fire                   3
   Sticky Flame                       Conjuration/Fire             4
   Fireball                           Conjuration/Fire             5
Magical staves
 n - an uncursed staff of air (weapon)


   Skills:
 - Level 2.1 Dodging
 - Level 2.0 Stealth
 + Level 2.2 Spellcasting
 * Level 3.1 Conjurations
 * Level 3.7 Fire Magic


You had 2 spell levels left.
You knew the following spells:

 Your Spells              Type           Power        Failure   Level  Hunger
a - Flame Tongue          Conj/Fire      ##...        8%          1    #......
b - Conjure Flame         Conj/Fire      ##......     17%         3    ####...


Dungeon Overview and Level Annotations

Branches:
Dungeon (3/15)

Altars:


Innate Abilities, Weirdness & Mutations

You have a beak for a mouth.
You have claws for feet.


Message History

You are very lightly contaminated with residual magic.
You feel a strange surge of energy! The kobold hits you with a short sword.
Casting: Flame Tongue
Confirm with . or Enter, or press ? or * to list all spells.
Aiming: Flame Tongue
Press: ? - help, Shift-Dir - straight line, f/p - kobold
Aim: a kobold, wielding a short sword The flame tongue hits the kobold.
You kill the kobold!
Things that are here:
a short sword; a kobold corpse You see here a ring mail.
A gnoll comes into view. It is wielding a halberd.
Found a whip.
An adder and a gnoll come into view.
Found a scroll labeled QUONWO FIEDUYRGH.
A gnoll comes into view.
The gnoll hits you from afar with a halberd!
Ouch! That really hurt!
You die...

#. # #) #.#.##
#.#... ###....g
..Sg?.g.########
#....#@......#
#.######.# ##.##
. ##[..## .# #
#..#..# .#
#.#.....# #.##
#.......# ... .
###...).# #.# ..
#.....######.#
.# ##


You could see 3 gnolls and an adder.

Vanquished Creatures
  An adder (D:2)
  4 giant cockroaches
  3 hobgoblins
  2 jackals (D:2)
  4 bats
  3 goblins (D:1)
  3 kobolds
  4 rats
24 creatures vanquished.

Notes
Turn   | Place    | Note
--------------------------------------------------------------
     0 | D:1      | 4tharraofdagon, the Tengu Fire Elementalist, began the quest for the Orb.
     0 | D:1      | Reached XP level 1. HP: 10/10 MP: 3/3
   131 | D:1      | Reached XP level 2. HP: 10/15 MP: 0/5
   343 | D:2      | Reached XP level 3. HP: 12/19 MP: 4/7
   348 | D:2      | Learned a level 3 spell: Conjure Flame
   442 | D:3      | Slain by a gnoll

Action                   || total
-------------------------++-------
Melee: Short sword       ||    21
       Unarmed           ||     5
 Cast: Flame Tongue      ||    26
